AoeStats
← LE FURET

Black Forest

507394382Analyzed
4v4 RM · 14d ago on Sep 18, 2026· 62m 21s· 8 players
Game mode
Random Map
Map size
Large (8 player)
Population
200
Speed
Normal
Resources
Standard
Victory
Conquest
Starting age
Dark Age
Ending age
Imperial Age
RankedLock teamsTeams togetherTeam positionsShared explorationLock speedFull tech treeHidden civsTurbo modeCheats
Victory
Defeat
🇦🇷 Magyars · Argentina
1436
+15
🇨🇱 Britons · Chile
1433
+15
🇦🇷 Persians · Argentina
1350
+19
🇨🇱 Franks · Chile
1343
+19
🇺🇸 Hindustanis · United States
1447
-18
🇺🇸 Armenians · United States
1406
-17
🇭🇰 Teutons · Hong Kong SAR China
1406
-17
🇪🇸 Bulgarians · Spain
1380
-16
VaultBoy
5:35 Loom
11:51 Feudal Age
13:08 Double-Bit Axe
15:57 Castle Age
14:32 Fishing Lines
17:02 Bow Saw
19:17 Horse Collar
22:06 Gold Mining
22:21 Stone Mining
23:06 Gillnets
24:59 Wheelbarrow
24:43 Fervor
25:31 Forging
25:27 Scale Barding Armor
27:04 Heavy Plow
30:19 Imperial Age
29:06 Stirrups
30:11 Iron Casting
29:57 Chain Barding Armor
30:26 Elite Konnik
31:52 Plate Barding Armor
32:18 Blast Furnace
32:25 Bloodlines
32:16 Husbandry
32:49 Fletching
37:36 Chemistry
37:16 Caravan
38:04 Conscription
40:27 Onager
45:37 Hand Cart
46:31 Ballistics
46:12 Bodkin Arrow
52:10 Siege Engineers
53:04 Town Watch
54:37 Capped Ram
55:52 Town Patrol
55:41 Siege Ram
56:55 Siege Onager
58:21 Crop Rotation
59:15 Coinage
Hugh Jayniss
5:20 Loom
8:38 Feudal Age
18:07 Fletching
23:04 Horse Collar
24:38 Wheelbarrow
25:27 Double-Bit Axe
26:33 Town Watch
33:10 Castle Age
33:25 Castle Age
37:09 Imperial Age
34:42 Guard Tower
34:48 Bodkin Arrow
37:06 Bow Saw
38:54 Chemistry
38:51 Hand Cart
42:49 Gold Mining
48:45 Padded Archer Armor
54:21 Siege Engineers
56:41 Caravan
57:22 Pikeman
58:02 Squires
57:48 Arson
58:11 Halberdier
59:33 Scale Mail Armor
59:43 Forging
Alt+F4 | Popo
5:54 Loom
8:15 Feudal Age
8:57 Double-Bit Axe
12:56 Horse Collar
19:56 Castle Age
18:31 Scale Barding Armor
18:31 Gold Mining
19:20 Forging
19:44 Bloodlines
21:25 Chain Barding Armor
24:39 Husbandry
28:14 Wheelbarrow
29:12 Fletching
29:09 Elite Skirmisher
29:49 Bodkin Arrow
31:49 Ballistics
31:32 Padded Archer Armor
32:23 Bow Saw
33:19 Hand Cart
34:07 Thumb Ring
36:25 Leather Archer Armor
36:29 Caravan
36:54 Heavy Plow
40:30 Imperial Age
39:12 Iron Casting
40:32 Heavy Camel Rider
41:14 Bracer
42:18 Plate Barding Armor
42:50 Chemistry
42:29 Imperial Camel Rider
44:12 Blast Furnace
43:57 Ring Archer Armor
51:17 Scale Mail Armor
51:44 Light Cavalry
54:01 Hussar
kwestes
1:01 Loom
13:41 Feudal Age
14:04 Man-at-Arms
14:30 Arson
15:22 Long Swordsman
20:47 Double-Bit Axe
23:22 Castle Age
21:27 Scale Mail Armor
21:37 Forging
21:46 Fletching
22:21 Gold Mining
24:27 Wheelbarrow
23:35 Pikeman
24:01 Gambesons
24:48 Bow Saw
26:11 Crossbowman
26:28 Elite Skirmisher
27:09 Bodkin Arrow
35:00 Squires
34:29 Halberdier
37:27 Horse Collar
40:36 Ballistics
45:10 Imperial Age
44:46 Heavy Plow
46:51 Chemistry
48:13 Iron Casting
47:58 Chain Mail Armor
52:51 Padded Archer Armor
52:52 Bracer
53:23 Plate Mail Armor
53:53 Blast Furnace
53:23 Capped Ram
54:50 Siege Ram
58:28 Blast Furnace
57:42 Masonry
ZoonFAunlimónki
5:06 Loom
11:25 Feudal Age
12:07 Double-Bit Axe
18:36 Castle Age
17:15 Gold Mining
17:23 Stone Mining
18:08 Fishing Lines
19:44 Stone Shaft Mining
19:36 Bow Saw
21:22 Wheelbarrow
22:06 Gold Shaft Mining
21:45 Town Watch
21:48 Horse Collar
26:25 Scale Barding Armor
26:32 Forging
28:27 Chain Barding Armor
28:10 Husbandry
28:51 Bloodlines
32:01 Imperial Age
29:23 Light Cavalry
31:40 Gillnets
32:13 Capped Ram
33:15 Hand Cart
34:09 Two-Man Saw
34:01 Conscription
33:18 Hussar
34:45 Plate Barding Armor
34:50 Iron Casting
36:14 Hoardings
36:08 Fletching
36:19 Padded Archer Armor
37:27 Elite War Elephant
39:11 Blast Furnace
38:07 Bodkin Arrow
39:58 Scale Mail Armor
40:21 Ballistics
40:23 Leather Archer Armor
40:19 Masonry
40:36 Caravan
41:07 Coinage
41:02 Heavy Plow
41:27 Kamandaran
42:13 Crop Rotation
42:03 Chain Mail Armor
44:42 Chemistry
44:46 Banking
45:23 Guilds
48:50 Onager
50:50 Ring Archer Armor
53:30 Town Patrol
55:34 Citadels
59:34 Heavy Camel Rider
62:19 Siege Ram
CumanoBorracho92
0:35 Loom
12:31 Feudal Age
18:30 Castle Age
17:15 Double-Bit Axe
18:03 Stone Mining
26:38 Town Watch
33:38 Imperial Age
31:15 Fletching
32:51 Ballistics
32:48 Horse Collar
33:07 Bodkin Arrow
33:57 Masonry
34:28 Heavy Plow
37:01 Chemistry
36:43 Bracer
37:09 Fortified Wall
38:01 Wheelbarrow
38:12 Padded Archer Armor
38:44 Architecture
40:07 Crossbowman
41:57 Arbalester
44:04 Hand Cart
44:01 Bow Saw
44:31 Murder Holes
45:57 Warwolf
48:32 Yeomen
49:23 Caravan
50:36 Elite Skirmisher
52:56 Conscription
54:24 Leather Archer Armor
58:21 Ring Archer Armor
59:31 Onager
61:03 Siege Engineers
PocaChota
7:05 Loom
10:15 Feudal Age
10:21 Man-at-Arms
10:46 Double-Bit Axe
20:03 Fletching
31:36 Castle Age
31:13 Horse Collar
32:48 Horse Collar
33:59 Bow Saw
36:48 Heavy Plow
36:39 Gold Mining
37:27 Bodkin Arrow
41:03 Wheelbarrow
41:40 Corvinian Army
45:54 Imperial Age
45:17 Hand Cart
46:16 Stone Mining
47:02 Gold Shaft Mining
48:07 Two-Man Saw
47:39 Crop Rotation
47:27 Caravan
47:43 Treadmill Crane
48:18 Scale Barding Armor
48:25 Bloodlines
48:15 Husbandry
49:04 Corvinian Army
49:26 Conscription
49:29 Masonry
49:13 Elite Magyar Huszar
50:16 Chain Barding Armor
49:57 Bracer
50:35 Hoardings
49:24 Elite Magyar Huszar
52:28 Plate Barding Armor
52:31 Hoardings
55:18 Parthian Tactics
55:08 Padded Archer Armor
55:11 Recurve Bow
55:16 Heavy Cavalry Archer
56:03 Thumb Ring
56:33 Leather Archer Armor
57:51 Ring Archer Armor
59:45 Capped Ram
59:48 Onager
61:31 Chemistry
60:52 Ballistics
60:38 Siege Engineers
LE FURET
8:46 Loom
12:01 Feudal Age
12:39 Double-Bit Axe
16:22 Castle Age
16:56 Scale Barding Armor
17:24 Bow Saw
21:16 Husbandry
21:50 Gold Mining
21:54 Fishing Lines
21:44 Pikeman
23:15 Forging
24:07 Wheelbarrow
25:07 Iron Casting
25:17 Squires
26:20 Gambesons
31:36 Stone Mining
32:56 Scale Mail Armor
33:24 Hand Cart
37:47 Imperial Age
36:41 Gold Shaft Mining
37:02 Chain Barding Armor
38:20 Cavalier
40:45 Blast Furnace
40:19 Conscription
39:35 Halberdier
41:42 Heavy Scorpion
42:38 Siege Engineers
44:43 Paladin
46:44 Chain Mail Armor
50:50 Demolition Ship
57:58 Caravan
58:38 Arson
Connection lost

Rejoining the realm…

Still unreachable

The connection could not be restored.

Session expired

The server has moved on; the page needs a fresh start.